 Dungeon Crawl Stone Soup version 0.28-a0-925-gd5e1996cdb (webtiles) character file.

Game seed: 10131011543555271632

52 siradein the Charlatan (level 3, 0/27 HPs)
             Began as a Demonspawn Artificer on Nov 26, 2021.
             Succumbed to an adder's poison
             ... on level 3 of the Dungeon.
             The game lasted 00:02:53 (3029 turns).

siradein the Charlatan (Demonspawn Artificer)       Turns: 3029, Time: 00:02:54

Health: 0/27       AC:  5    Str: 13    XL:     3   Next: 60%
Magic:  3/3        EV: 10    Int: 12    God:
Gold:   158        SH:  0    Dex: 13    Spells: 2/2 levels left

rFire   . . .      SeeInvis .   j - +0 war axe
rCold   . . .      Faith    .   (no shield)
rNeg    . . .      Spirit   .   h - +0 ring mail
rPois   .          Reflect  .   (helmet restricted)
rElec   .          Harm     .   (no cloak)
rCorr   .          Rampage  .   (no gloves)
Will    .....                   (no boots)
Stlth   +.........              (no amulet)
HPRegen 0.09/turn               (no ring)
MPRegen 0.16/turn               (no ring)

@: lethally poisoned (0 -> -3), invisible
A: antennae 1, magic regeneration
a: no special abilities


You were on level 3 of the Dungeon.
You visited 1 branch of the dungeon, and saw 3 of its levels.

You collected 158 gold pieces.

Inventory:

Hand Weapons
 j - a +0 war axe (weapon)
Armour
 h - a +0 ring mail (worn)
Wands
 c - a wand of flame (15) (quivered)
 d - a wand of charming (15)
Scrolls
 a - 2 scrolls of teleportation {unknown}
 f - a scroll of immolation {unknown}
 g - a scroll of noise {unknown}
 i - 4 scrolls of identify {unknown}
 l - a scroll of holy word {unknown}
Potions
 k - a potion of flight {unknown}
 m - a potion of heal wounds {unknown}
Miscellaneous
 e - a piece from Xom's chessboard (15/15)


   Skills:
 + Level 1.8 Fighting
 + Level 0.7 Axes
 + Level 2.3 Armour
 + Level 1.5 Dodging
 - Level 0.8 Stealth
 + Level 3.4 Evocations


You had 2 spell levels left.
You didn't know any spells.
Your spell library contained the following spells:

 Spells                   Type           Power      Damage    Failure   Level
 Gell's Gravitas          Tloc           0%         N/A       91%         3
 Inner Flame              Hex/Fire       0%         N/A       91%         3
 Lesser Beckoning         Tloc           0%         N/A       91%         3
 Teleport Other           Tloc           0%         N/A       91%         3
 Cause Fear               Hex            0%         N/A       100%        4
 Discord                  Hex            0%         N/A       100%        8


Dungeon Overview and Level Annotations

Branches:
Dungeon (3/15)

Altars:
Elyvilon


Innate Abilities, Weirdness & Mutations

You have a pair of small antennae on your head.
You regenerate magic rapidly.


Message History

An orc comes into view. It is wielding a +0 short sword.
The orc barely misses you. The adder bites you but does no damage.
You barely miss the adder.
The adder bites you but does no damage. x2
You completely miss the adder. The adder bites you but does no damage.
The adder closely misses you.
You hit the adder.
The adder is heavily wounded.
The adder bites you. x2
You are poisoned.
The adder poisons you!
You closely miss the adder.
The adder is heavily wounded.
You feel sick. The adder bites you.
You are more poisoned.
The adder poisons you! The adder bites you.
You hit the adder.
The adder is severely wounded.
You feel very sick. The adder closely misses you. The adder barely misses you.
You hit the adder.
You kill the adder!
You feel sick. The adder bites you.
You are lethally poisoned!
The adder poisons you!
Your life force feels restored.
You closely miss the adder.
* * * LOW HITPOINT WARNING * * *
You feel very sick.
The adder bites you but does no damage. x2
You barely miss the adder.
* * * LOW HITPOINT WARNING * * *
You feel sick.
The adder bites you but does no damage. x2
Unknown command.
You miss the adder.
* * * LOW HITPOINT WARNING * * *
You feel sick. The adder bites you but does no damage. The adder bites you.
* * * LOW HITPOINT WARNING * * *
It was a potion of invisibility.
You fade into invisibility!
You die...

.........#
.........#
.[.......###
.......!.#.
..........
.........#
......†..#
######o##
#..@Soo.#
####.#####.# #
#....#####.#.#
#.##.##....#.#
#............##
#.###'###.#...##.
#.#.....#........
#.#.....#.##..##.
#.#.._..#..##.##.


You could see an adder and 3 orcs.

Vanquished Creatures
  An adder (D:3)
  An orc (D:3)
  8 bats
  5 endoplasms
  2 giant cockroaches (D:1)
  3 goblins
  2 hobgoblins
  2 quokkas
  5 ball pythons
  4 frilled lizards
  6 kobolds
  5 rats (D:1)
44 creatures vanquished.

Notes
Turn   | Place    | Note
-------+----------+-------------------------------------------
     0 | D:1      | siradein the Demonspawn Artificer began the quest for the
                  | Orb.
     0 | D:1      | Reached XP level 1. HP: 15/15 MP: 1/1
   215 | D:1      | Reached skill level 1 in Dodging
   604 | D:1      | Discovered your monstrous ancestry.
   604 | D:1      | Gained mutation: You have a pair of small antennae on your
                  | head. [demonic ancestry]
   604 | D:1      | Reached XP level 2. HP: 15/21 MP: 2/2
  1645 | D:2      | Found a faded altar of an unknown god.
  2161 | D:2      | Gained mutation: You regenerate magic rapidly. [demonic
                  | ancestry]
  2161 | D:2      | Reached XP level 3. HP: 24/26 MP: 3/3
  3028 | D:3      | HP: 1/27 [adder (1)]
  3029 | D:3      | Succumbed to an adder's poison

Illustrated notes

Levels and vault maps discovered:
D:1:      dpeg_arrival_court, layout_basic, chequers_serial_rivers_micro_a
D:2:      minmay_razor_zed, layout_loops_ring, chequers_ecumenical_altar_island
D:3:      layout_rooms, lemuel_tele_altar, amcnicky_altar_gilded,
          mainiacjoe_overflow_alcove_2, hellmonk_ghost_happy_afterlife

Skill      XL: |  1 |
---------------+----+-----
Dodging        | 1 |  1.5
Armour         | 2 |  2.3
Fighting       | |  1.8
Axes           | |  0.7
Stealth        | |  0.8
Evocations     | |  3.4

Action                   || total
-------------------------++-------
Melee: Club              ||    95
       Dagger            ||    39
       War axe           ||    66
  Use: Potion            ||     1
Armor: Ring mail         ||   104
       Leather armour    ||     9
Dodge: Dodged            ||   156

Table legend: (Time is in decaauts)
 A = Elapsed time spent in this place.
 B = Non-inter-level travel time spent in this place.
 C = Inter-level travel time spent in this place.
 D = Time resting spent in this place.
 E = Time spent auto-exploring this place.
 F = Levels seen in this place.
 G = Mean time per level.
                   A        B        C        D        E       F      G
               +--------+--------+--------+--------+--------+-----+--------+
         Total |   3090 |   3053 |     37 |    157 |   2416 |   3 | 1030.0 |
       Dungeon |   3090 |   3053 |     37 |    157 |   2416 |   3 | 1030.0 |
               +--------+--------+--------+--------+--------+-----+--------+

Top non-repeatable levels by time:
     D:1: 1650 daAuts
     D:2: 1211 daAuts
     D:3: 228 daAuts
